 Dungeon Crawl Stone Soup version 0.32-a0-468-g38b2580584 (webtiles) character file.

Game seed: 347450752736827950

168 variable76 the Ducker (level 5, -5/26 HPs)
             Began as a Felid Shapeshifter on Feb 22, 2024.
             Slain by Highcell's ghost (7 damage)
             ... on level 3 of the Dungeon on Feb 24, 2024.
             The game lasted 00:09:30 (2278 turns).

variable76 the Ducker (Felid Shapeshifter)          Turns: 2278, Time: 00:09:30

Health: -5/26      AC:  1    Str: 12    XL:     5   Next: 24%
Magic:  7/7        EV: 18    Int: 14    God:
Gold:   126        SH:  0    Dex: 15    Spells: 5/6 levels left
                                        Lives:  0   Deaths: 2

rFire   . .          .
                       - Unarmed
rCold   . . .        (shield unavailable)
rNeg    . . .        (body armour unavailable)
rPois   .            (helmet unavailable)
rElec   .            (cloak unavailable)
rCorr   .            (gloves unavailable)
SInv    +            (boots unavailable)
Will    .....        (no amulet)
Stlth   ++           (no ring)
HPRegen 0.24/turn    (no ring)
MPRegen 0.10/turn

%: no passive effects
@: beast-form
A: beast (slay +2), very small, claws 1, fangs 3, see invisible, shaggy fur 1,
stealthy paws, no weapons or thrown items, no armour, multi-lived
a: Begin Untransformation


You were on level 3 of the Dungeon.
You were a hulking beast.
You visited 1 branch of the dungeon, and saw 3 of its levels.

You collected 126 gold pieces.

Inventory:

Jewellery
 g - a ring of fire
 h - a ring of ice
 i - a ring of flight
Talismans
 b - a beast talisman (active)
 c - a flux talisman
Wands
 j - a wand of flame (13)
 o - a wand of polymorph (8)
Scrolls
 d - 2 scrolls of immolation
 e - a scroll of enchant weapon {unknown}
 k - a scroll of identify {unknown}
 l - 2 scrolls of fear {unknown}
 n - a scroll of amnesia {unknown}
 p - a scroll of blinking {unknown}
 r - 3 scrolls of teleportation
Potions
 a - a potion of lignification
 f - 3 potions of curing {unknown}
 m - a potion of haste {unknown}
 q - a potion of might {unknown}


   Skills:
 + Level 2.1 Fighting
 + Level 3.7 Dodging
 + Level 2.5 Stealth
 + Level 3.5 Unarmed Combat
 + Level 1.0 Spellcasting
 * Level 3.5 Shapeshifting


You had 5 spell levels left.
You knew the following spells:

 Your Spells              Type           Power      Damage    Failure   Level
a - Summon Small Mammal   Summ           0%         N/A       26%         1

Your spell library contained the following spells:

 Spells                   Type           Power      Damage    Failure   Level
 Apportation              Tloc           0%         N/A       26%         1
 Necrotise                Necr           0%         1d4       26%         1
 Sting                    Conj/Alch      0%         1d3       26%         1
 Call Canine Familiar     Summ           0%         N/A       61%         3
 Fugue of the Fallen      Necr           0%         N/A       61%         3
 Ozocubu's Armour         Ice            0%         N/A       61%         3
 Manifold Assault         Tloc           0%         N/A       95%         4
 Summon Blazeheart Golem  Fire/Summ      0%         N/A       95%         4


Dungeon Overview and Level Annotations

Branches:
Dungeon (3/15)

Altars:
Gozag
Yredelemnul

Shops:
D:3 *

Annotations:
D:3 Grinder; Highcell's ghost, amateur MDFi


Innate Abilities, Weirdness & Mutations

You are a hulking beast.
Your limbs bulge with bestial killing power. (Slay +2)
You have sharp claws.
You have razor-sharp teeth.
You have supernaturally acute eyesight. (SInv)
You are covered in fur. (AC +1)
Your paws help you pounce on unaware monsters.
You are incapable of wielding weapons or throwing items.
You cannot wear armour.
You gain extra lives every three experience levels.


Message History

You open the gate. The ufetubus barely misses you. The ufetubus misses you.
You scratch the adder.
The adder is severely wounded.
The adder completely misses you. The ufetubus slips past you!
The ufetubus completely misses you. The ufetubus misses you.
The adder completely misses you. Highcell's ghost misses you.
You barely miss the adder.
The adder is severely wounded.
The ufetubus misses you. The ufetubus closely misses you. The adder misses you.
Highcell's ghost hits you! The kobold closely misses you.
The ufetubus closely misses you. The ufetubus completely misses you.
The adder closely misses you. The kobold closely misses you.
The adder closely misses you. The kobold hits you but does no damage.
The ufetubus attacks as it pursues you! The ufetubus hits you.
The ufetubus misses you. The ufetubus closely misses you. x2
The ufetubus slips past you!
The ufetubus hits you but does no damage.
The ufetubus closely misses you.
You closely miss the adder.
The adder is heavily wounded.
The ufetubus completely misses you. x2; The adder closely misses you.
You barely miss the adder.
The adder is heavily wounded.
The ufetubus hits you. The ufetubus closely misses you. The adder misses you.
The ufetubus completely misses you. The ufetubus hits you.
You scratch the adder.
The adder is almost dead.
The adder closely misses you. The ufetubus hits you. The ufetubus misses you.
You scratch the adder.
You kill the adder!
The ufetubus hits you. The ufetubus misses you. The ufetubus hits you.
* * * LOW HITPOINT WARNING * * *
The ufetubus misses you.
You claw the ufetubus!
You kill the ufetubus!
Highcell's ghost hits you.
* * * LOW HITPOINT WARNING * * *
Highcell's ghost attacks as it pursues you!
Highcell's ghost hits you!
You die...

......<..........#
.................#
.................#
....... .........#
...... .........# ..
.........# .
.........# .
.........# .
######.#h# #.#W#
#####.### ##.ß.##K.#
#∩$...#r.#
#ß.$$.'..############
#∩$ß_$'.............#
#ß.$$.'..#########.##
#...$$#..# #.#


You could see Highcell's ghost, a kobold and a rat.

Vanquished Creatures
  Terence (D:2)
  Ijyb (D:3)
  3 adders
  An ufetubus (D:3)
  4 dart slugs
  A ribbon worm (D:3)
  2 orcs (D:3)
  7 ball pythons
  8 endoplasms
  A giant cockroach (D:1)
  11 goblins
  4 hobgoblins
  A quokka (D:1)
  12 bats
  4 frilled lizards
  9 kobolds
  6 rats
76 creatures vanquished.

Notes
Turn   | Place    | Note
-------+----------+-------------------------------------------
     0 | D:1      | variable76 the Felid Shapeshifter began the quest for the
                  | Orb.
     0 | D:1      | Reached XP level 1. HP: 10/10 MP: 2/2
   133 | D:1      | Reached XP level 2. HP: 14/14 MP: 3/3
   238 | D:1      | Frozen to death by an endoplasm
   238 | D:1      | Lost a life (0 lives remaining)
   444 | D:1      | Reached XP level 3. HP: 18/18 MP: 4/4
   465 | D:1      | Reached skill level 1 in Stealth
   516 | D:1      | Learned a level 1 spell: Summon Small Mammal
  1069 | D:2      | Found a faded altar of an unknown god.
  1326 | D:2      | Noticed Terence
  1334 | D:2      | Killed Terence
  1335 | D:2      | Reached XP level 4. HP: 4/23 MP: 5/5
  1335 | D:2      | Gained a life (1 life remaining)
  1685 | D:2      | Upgraded the game from 0.32-a0-433-g08bcfe7efd to
                  | 0.32-a0-468-g38b2580584
  1833 | D:3      | Found a basalt altar of Yredelemnul.
  1900 | D:3      | Found Zeit's Assorted Antiques.
  1956 | D:3      | Noticed Grinder
  1957 | D:3      | Noticed Ijyb
  2030 | D:3      | Slain by Ijyb
  2030 | D:3      | Lost a life (0 lives remaining)
  2059 | D:3      | Killed Ijyb
  2060 | D:3      | Reached skill level 1 in Spellcasting
  2060 | D:3      | Reached XP level 5. HP: 26/26 MP: 7/7
  2232 | D:3      | Found a runed translucent gate.
  2233 | D:3      | Found a runed translucent gate.
  2234 | D:3      | Found a runed translucent gate.
  2235 | D:3      | Found an opulent altar of Gozag.
  2237 | D:3      | Noticed Highcell's ghost (amateur MDFi)
  2278 | D:3      | Slain by Highcell's ghost

Illustrated notes

Levels and vault maps discovered:
D:1:      mushboom_english_gardens, layout_loops_ring
D:2:      layout_loops_corners, chequers_ecumenical_altar_simple_redux,
          chequers_mini_garden, chequers_serial_rivers_small_a, uniq_terence
D:3:      cheibrodos_helix_gallery, layout_basic, yredelemnul_altar_generic,
          ebering_ghost_gozag, serial_shops, nicolae_square_shop, uniq_sigmund,
          uniq_grinder, uniq_ijyb

Skill      XL: |  1  2  3  4 |
---------------+-------------+-----
Dodging        | 3 |  3.7
Shapeshifting  | 3 |  3.5
Stealth        | 1 2 |  2.5
Fighting       | 2 |  2.1
Spellcasting   | 1 |  1.0
Unarmed Combat | |  3.5

Action                     |  1- 3 |  4- 6 || total
---------------------------+-------+-------++-------
  Melee: Unarmed           |    86 |    88 ||   174
         Bite              |     5 |     3 ||     8
         Punch             |     2 |     1 ||     3
   Cast: Summon Small Mamm |     1 |       ||     1
    Use: Scroll            |     2 |       ||     2
   Stab: Sleeping          |     7 |       ||     7
         Distracted        |     1 |       ||     1
 Armour: Skin              |    25 |    48 ||    73
  Dodge: Dodged            |    80 |   123 ||   203

Table legend: (Time is in decaauts)
 A = Elapsed time spent in this place.
 B = Non-inter-level travel time spent in this place.
 C = Inter-level travel time spent in this place.
 D = Time resting spent in this place.
 E = Time spent auto-exploring this place.
 F = Levels seen in this place.
 G = Mean time per level.
                   A        B        C        D        E       F      G
               +--------+--------+--------+--------+--------+-----+--------+
         Total |   2264 |   2144 |    120 |    116 |   1305 |   3 |  754.7 |
       Dungeon |   2264 |   2144 |    120 |    116 |   1305 |   3 |  754.7 |
               +--------+--------+--------+--------+--------+-----+--------+

Top non-repeatable levels by time:
     D:2: 994 daAuts
     D:1: 721 daAuts
     D:3: 548 daAuts
